Map: Torches LE

Players

Sindyr

  • Race: Protoss Protoss
  • League: Master
  • Spawn Location: 1:00

Shodan - Winner!

  • Race: Zerg Zerg
  • League: Gold
  • Spawn Location: 5:00

VOD

Have the link to the VOD?

Description

Time

  • Played on: Sept. 11, 2025, 6:31 p.m.
  • Length: 2:25
Show
View Real Time Build Order
Export as new Build Order

Sindyr Protoss 

Build Orders: 1 Gate Expand 

Get SALT Encoding   

  12  0:01  Probe  
  13  0:13  Probe  
  14  0:20  Pylon  
  14  0:26  Probe  
  15  0:38  Probe  
  15  0:40  Gateway  
  16  0:52  Probe, Assimilator  
  16  1:04  Probe  
  17  1:16  Probe  
  18  1:27  Nexus  
  19  1:32  Probe  
  19  1:44  Probe  
  19  1:46  Pylon  
  20  1:50  Zealot  
  22  2:06  Cybernetics Core  
  22  2:11  Gateway  
Show
View Real Time Build Order
Export as new Build Order

Shodan Zerg - Winner!

Build Orders: Pool First 

Get SALT Encoding   

  12  0:00  Drone  
  13  0:09  Drone  
  14  0:18  Overlord  
  14  0:37  Spawning Pool  
  14  0:40  Drone  
  14  0:44  Drone  
  14  0:49  Drone  
  16  1:03  Extractor  
  15  1:07  Drone x2  
  17  1:25  Zergling x2  
  18  1:27  Zergling x2  
  18  1:28  Hatchery  
  18  1:34  Zergling x2  
  19  1:41  Queen  
  21  1:48  Zergling x2  
  22  2:03  Overlord  
  22  2:11  Extractor  
  22  2:12  Drone  
Tags
 
Add a new tag
Caveats
  • Supply blocks, unpowered buildings, or Contaminate may cause inaccurate times.
  • Supply counts are checked every 10 seconds.